 Dungeon Crawl Stone Soup version 0.28.0-43-g3370ac3207 (webtiles) character file.

Game seed: 2377885038288209329

100 zeram the Ducker (level 4, -6/23 HPs)
             Began as a Spriggan Fighter on Mar 1, 2022.
             Was an Initiate of Dithmenos.
             Killed from afar by an orc wizard (7 damage)
             ... with a puff of flame
             ... on level 3 of the Dungeon.
             The game lasted 00:05:49 (4126 turns).

zeram the Ducker (Spriggan Fighter)                 Turns: 4126, Time: 00:05:49

Health: -6/23      AC:  2    Str: 12    XL:     4   Next: 47%
Magic:  5/5        EV: 17    Int: 11    God:    Dithmenos [......]
Gold:   66         SH:  0    Dex: 14    Spells: 3/3 levels left

rFire   . . .      SeeInvis +   a - +0 rapier
rCold   . . .      Faith    .   c - +0 buckler
rNeg    . . .      Spirit   .   b - +0 robe
rPois   .          Reflect  .   (helmet restricted)
rElec   .          Harm     .   (no cloak)
rCorr   .          Rampage  .   (gloves unavailable)
Will    .....                   (boots unavailable)
Stlth   +.........              (no amulet)
HPRegen 0.07/turn               (no ring)
MPRegen 0.09/turn               (no ring)

@: confused, very quick
A: very small, no large weapons, unfitting armour, see invisible, speed 3
a: Renounce Religion


You were on level 3 of the Dungeon.
You worshipped Dithmenos.
Dithmenos was noncommittal.
You visited 1 branch of the dungeon, and saw 3 of its levels.

You collected 66 gold pieces.

Inventory:

Hand Weapons
 a - a +0 rapier (weapon)
Armour
 b - a +0 robe (worn)
 c - a +0 buckler (worn)
Scrolls
 i - a scroll of immolation {unknown}
Potions
 d - a potion of degeneration {unknown}
 e - 2 potions of brilliance
 f - 2 potions of ambrosia {unknown}
 h - 2 potions of curing {unknown}


   Skills:
 - Level 2.4 Fighting
 + Level 4.0 Short Blades
 + Level 5.1 Dodging
 + Level 1.0 Stealth
 + Level 2.5 Shields


You had 3 spell levels left.
You didn't know any spells.
Your spell library contained the following spells:

 Spells                   Type           Power      Damage    Failure   Level
 Apportation              Tloc           0%         N/A       58%         1
 Magic Dart               Conj           0%         1d3       58%         1
 Call Imp                 Summ           0%         N/A       73%         2
 Gell's Gravitas          Tloc           0%         N/A       91%         3
 Mephitic Cloud           Conj/Pois/Air  0%         N/A       91%         3
 Teleport Other           Tloc           0%         N/A       91%         3
 Tukima's Dance           Hex            0%         N/A       91%         3
 Anguish                  Hex/Necr       0%         N/A       100%        4
 Alistair's Intoxication  Tmut/Pois      0%         N/A       100%        5
 Dispersal                Tloc           0%         N/A       100%        6
 Enfeeble                 Hex            0%         N/A       100%        7


Dungeon Overview and Level Annotations

Branches:
Dungeon (3/15)

Altars:
Dithmenos

Shops:
D:2 [


Innate Abilities, Weirdness & Mutations

You are very small and have problems with some larger weapons.
You are too small for most types of armour.
You have supernaturally acute eyesight. (SInv)
You cover ground extremely quickly. (Speed+++)


Message History

You are too confused!
You are too confused!
You are too confused!
You are too confused!
You are too confused!
You are too confused!
You are too confused!
You are too confused!
You are too confused!
You are too confused!
You are too confused!
You are too confused!
You are too confused!
You are too confused!
You are too confused!
You are too confused!
You are too confused!
Unknown command.
You bump into the rock wall.
The orc wizard barely misses you.
You bump into the rock wall.
The orc wizard closely misses you.
You bump into the rock wall.
The orc wizard points at you and mumbles some strange words.
You are more confused.
You hit the orc wizard but do no damage.
The orc wizard is heavily wounded.
The orc wizard hits you with a +0 dagger.
You miss the orc wizard.
The orc wizard is heavily wounded.
The orc wizard barely misses you.
You're too confused to move!
The orc wizard gestures at you while chanting.
The magic dart hits you. The orc hits you with a +0 dagger.
The orc wizard points at you and mumbles some strange words.
The magic dart hits you!
* * * LOW HITPOINT WARNING * * *
The orc closely misses you.
You're too confused to move!
The orc wizard gestures at you while chanting.
The puff of flame hits you!
You die...

.##.# #.# ### .##.###.###.##
...........#.# ########
###.###.###.## ####......#
....# #.###.# #......##.#
##### #...#.# #<##.#.##.#
###.#.####o##.#.##.#
#.#....o....#.##.#
#########.######@####.#..#
...#.......# #........#.##
.#.#.####..###........#.#
.#...................##.####
####....#..#.#.............#
.#...##.#..##....>...##.##.#
.#.#.#...............##.##.#
...#.........#.......##....#
####.#.##........###.#####.#


You could see an orc wizard and an orc.

Vanquished Creatures
  Robin (D:2)
  2 adders (D:3)
  A worm (D:1)
  A dart slug (D:3)
  5 orcs
  6 ball pythons
  2 bats
  5 endoplasms
  5 giant cockroaches
  8 goblins
  4 hobgoblins
  5 jackals (D:1)
  A quokka (D:1)
  3 frilled lizards
  A kobold (D:2)
  5 rats
55 creatures vanquished.

Notes
Turn   | Place    | Note
-------+----------+-------------------------------------------
     0 | D:1      | zeram the Spriggan Fighter began the quest for the Orb.
     0 | D:1      | Reached XP level 1. HP: 11/11 MP: 2/2
     1 | D:1      | Found a runed translucent door.
   396 | D:1      | Reached XP level 2. HP: 11/16 MP: 3/3
   913 | D:1      | Found a faded altar of an unknown god.
  1825 | D:1      | Reached XP level 3. HP: 19/19 MP: 4/4
  2011 | D:2      | Noticed Robin
  2478 | D:2      | Killed Robin
  2658 | D:2      | Found Ituriec's Antique Armour Shop.
  2719 | D:1      | Reached skill level 5 in Dodging
  2719 | D:1      | Reached XP level 4. HP: 14/23 MP: 5/5
  3418 | D:3      | Reached skill level 1 in Stealth
  3693 | D:3      | Found a shadowy altar of Dithmenos.
  3793 | D:3      | Became a worshipper of Dithmenos the Shadowed
  4125 | D:3      | HP: 1/23 [orc wizard/magic dart (9)]
  4126 | D:3      | Killed from afar by an orc wizard

Illustrated notes

Levels and vault maps discovered:
D:1:      dpeg_arrival_caged_fury, layout_basic, ebering_ecumenical_altar_webs,
          minmay_crystal_water, chequers_arboretum, minivault_25,
          wad_woods_river_04
D:2:      layout_basic, serial_shops, nicolae_shop_stone, uniq_robin
D:3:      layout_loops_cross, nicolae_dithmenos_through_a_glass_darkly,
          serial_shops, shop_fountains

Skill      XL: |  1  2  3  4 |
---------------+-------------+-----
Short Blades   | 3 4 |  4.0
Dodging        | 5 |  5.1
Stealth        | 1 |  1.0
Fighting       | |  2.4
Shields        | |  2.5

Action                   |  1- 3 |  4- 6 || total
-------------------------+-------+-------++-------
Melee: Rapier            |   172 |    54 ||   226
  Use: Scroll            |     2 |     1 ||     3
       Potion            |     1 |       ||     1
Armor: Robe              |    18 |     3 ||    21
Dodge: Dodged            |   146 |    52 ||   198
Block: Buckler           |    39 |     9 ||    48
